Unix NetHack Version 3.7.0-50 Work-in-progress - last build Feb 18 2022 03:49:16. Game began 2022-02-16 19:35:37, ended 2022-02-25 07:31:09. spontiff, neutral male gnomish Healer -.------ |........ |..@.>.... |......... ---------- Spontiff the Rhizotomist St:14 Dx:13 Co:18 In:11 Wi:17 Ch:16 Neutral S:10516 Dlvl:26 $:0 HP:0(71) Pw:1(11) AC:-2 Xp:1/19 T:34448 Latest messages: You put an uncursed +0 pair of speed boots into the large box. You put a blessed +1 small shield into the large box. You put an uncursed +0 robe into the large box. You put an uncursed +0 Hawaiian shirt into the large box. You put a blessed +2 set of silver dragon scales into the large box. You put an uncursed apple into the large box. You put 6 uncursed cream pies into the large box. You put an uncursed food ration into the large box. You put an uncursed tripe ration into the large box. You put a blessed lizard corpse into the large box. You put a wand of digging into the large box. You put an uncursed wand of sleep into the large box. You put a blessed greased bag called holding containing 79 items into the large box. You put an uncursed key into the large box. You put an uncursed looking glass into the large box. The silver bell cannot be confined in such trappings. You put an uncursed whistle called tin into the large box. You put an uncursed blindfold named Need StTC into the large box. You put a blessed credit card named The Platinum Yendorian Express Card into the large box. You put an uncursed leash into the large box. You put an uncursed stethoscope into the large box. You put a blessed unicorn horn into the large box. You put an uncursed gem called black opal into the large box. You put a gem called diamond into the large box. You put an uncursed stone called luckstone into the large box. What do you want to drop? [O or ?*] O You drop an uncursed silver bell. There is an unlocked large box containing 29 items here, loot it? [ynq] (q) y You open the large box... b - a blessed staff named The Staff of Aesculapius. What do you want to throw? [b or ?*] b In what direction? < A blessed staff named The Staff of Aesculapius hits the ceiling, then falls back on top of your head. The staff named The Staff of Aesculapius drains your life! Goodbye level 3. A blessed staff named The Staff of Aesculapius hits the floor. b - a blessed staff named The Staff of Aesculapius. What do you want to throw? [b or ?*] b In what direction? < A blessed staff named The Staff of Aesculapius almost hits the ceiling, then falls back on top of your head. The staff named The Staff of Aesculapius drains your life! Goodbye level 2. A blessed staff named The Staff of Aesculapius hits the floor. b - a blessed staff named The Staff of Aesculapius. What do you want to throw? [b or ?*] b In what direction? < A blessed staff named The Staff of Aesculapius hits the ceiling, then falls back on top of your head. The staff named The Staff of Aesculapius drains your life! Goodbye level 1. Do you want to see the dungeon overview? [ynq] (y) y Major events: Turn 1: spontiff the neutral male gnomish Healer entered the dungeon 103: rejected atheism with a prayer 166: ate for the first time - jackal corpse 166: consumed animal products for the first time, by eating a jackal corpse 310: entered new level 2, The Dungeons of Doom 552: entered new level 3, The Dungeons of Doom 678: entered new level 1, The Gnomish Mines 678: entered the Gnomish Mines 785: entered a shop 1316: entered new level 2, The Gnomish Mines 1441: became literate by reading the fortune inside a cookie 1519: entered new level 3, The Gnomish Mines 1688: entered new level 4, The Gnomish Mines 1906: reached Mine Town 2050: entered a temple 5008: made his first wish - "blessed +2 silver dragon scale mail" 6794: entered new level 4, The Dungeons of Doom 7407: entered new level 5, The Gnomish Mines 8371: entered new level 6, The Gnomish Mines 8396: entered new level 7, The Gnomish Mines 8401: entered new level 8, The Gnomish Mines 8996: acquired the Mines' End luckstone 10964: entered new level 5, The Dungeons of Doom 11191: entered new level 6, The Dungeons of Doom 12669: entered new level 7, The Dungeons of Doom 12721: entered new level 8, The Dungeons of Doom 13974: changed form for the first time, becoming a silver dragon 14455: entered new level 9, The Dungeons of Doom 14508: entered new level 10, The Dungeons of Doom 14696: entered new level 4, Sokoban 14696: entered Sokoban 15109: entered new level 3, Sokoban 15427: entered new level 11, The Dungeons of Doom 16357: made his first artifact wish - "the holy platinum yendorian express card" 18531: wished for "blessed figurine of an Archon" 19366: entered new level 12, The Dungeons of Doom 19366: entered the Bigroom 22119: entered new level 13, The Dungeons of Doom 22138: entered new level 14, The Dungeons of Doom 23150: entered new level 15, The Dungeons of Doom 23499: entered new level 1, The Quest 23636: entered new level 16, The Dungeons of Doom 23720: entered new level 17, The Dungeons of Doom 24163: entered new level 18, The Dungeons of Doom 24312: entered new level 19, The Dungeons of Doom 24900: became Hermes' Envoy of Balance 25336: entered new level 2, Sokoban 25623: entered new level 1, Sokoban 26533: completed Sokoban 26968: stole 1 zorkmid worth of merchandise from Nosalnef's hardware store 28229: killed the Oracle 29067: killed Hippocrates 29075: entered new level 2, The Quest 29171: entered new level 3, The Quest 29428: wished for "3 holy potions of gain level" 29431: gained experience level 2 29467: entered new level 4, The Quest 29670: entered new level 5, The Quest 31130: killed the Cyclops 31132: acquired the Bell of Opening 32846: entered new level 20, The Dungeons of Doom 33219: entered new level 21, The Dungeons of Doom 33383: entered new level 22, The Dungeons of Doom 33791: entered new level 23, The Dungeons of Doom 34309: killed for the first time 34309: killed Medusa 34309: attained the rank of Empiric (level 3) 34322: entered new level 24, The Dungeons of Doom 34367: entered new level 27, The Dungeons of Doom 34393: entered new level 26, The Dungeons of Doom 34444: lost experience level 3 34446: lost experience level 2 Inventory: Not carrying anything. Spontiff the Healer's attributes: Background: You were a Rhizotomist, a level 1 male gnomish Healer. You were neutral, on a mission for Hermes who was opposed by Athena (lawful) and Poseidon (chaotic). You were in the Dungeons of Doom, on level 26. You entered the dungeon 34448 turns ago. You had 19 experience points, 1 more was needed to attain level 2. Your score was 10516 before end-of-game adjustments. Basics: You had 0 out of 71 hit points. You had 1 out of 11 energy points (spell power). Your armor class was -2. Your wallet was empty. Autopickup was on for '$!/="?' plus thrown, with exceptions. Final Characteristics: Your strength was 14 (limit:18/50). Your dexterity was 13 (limit:18). Your constitution was 18 (limit:18). Your intelligence was 11 (limit:19). Your wisdom was 17 (limit:18). Your charisma was 16 (limit:18). Final Status: You were not hungry. You were unencumbered. You were bare handed. You were unskilled in bare handed combat. You were not wearing any armor. Final Attributes: You were the Envoy of Balance. You were piously aligned. You were fire resistant. You were cold resistant. You were sleep resistant. You were disintegration-resistant. You were shock resistant. You were poison resistant. You saw invisible. You were telepathic. You had infravision. You had a large defense bonus (+12). You were warded. You were extremely lucky. You are dead. Miscellaneous: You never encountered a bones level. Total elapsed playing time was 14 hours, 25 minutes and 58 seconds. Vanquished creatures: Medusa Hippocrates the Cyclops 2 gray dragons a gold dragon a silver dragon 3 red dragons 6 white dragons 2 black dragons 3 blue dragons 2 green dragons a minotaur 10 shopkeepers the Oracle 3 aligned clerics 3 lieutenants a watch captain 4 ghosts a winged gargoyle 3 giant mimics 5 large mimics a stalker 4 sergeants 2 water demons a warg 9 small mimics 3 xans an ettin mummy an ogre leader a troll a djinni a pyrolisk a flaming sphere a large cat a gargoyle an ochre jelly an elf mummy 2 human mummies 5 pythons a pit viper 3 ettin zombies a Grey-elf 29 soldiers 4 watchmen 4 giant beetles a quivering blob 5 wolves 2 winter wolf cubs 2 lynxes 3 gremlins 10 leprechauns an iron piercer 2 mumakil 8 giant spiders a horse a vampire bat 2 gnome rulers 3 orc mummies 2 dwarf mummies an ogre a rust monster 3 owlbears a gold golem 3 werewolves a giant eel 7 lizards 8 attendants 3 dingoes 3 dogs a housecat a jaguar 2 blue jellies 3 white unicorns 2 gray unicorns a dust vortex 17 ravens 3 gnome mummies 15 snakes 14 water moccasins 6 apes 7 human zombies a Woodland-elf a soldier ant 3 fire ants 2 bugbears 2 imps 4 wood nymphs 4 water nymphs 2 Mordor orcs 2 Uruk-hai 2 orc shamans 5 rock piercers 5 rock moles 3 ponies 3 fog clouds 8 yellow lights 7 shriekers 4 violet fungi 6 gnome leaders 6 gnomish wizards 3 Kop Lieutenants 4 kobold mummies 2 gray oozes 4 elf zombies a ghoul a straw golem a paper golem 10 giant ants a little dog 19 floating eyes 4 kittens 23 dwarves 9 homunculi 5 kobold leaders 5 kobold shamans 7 hill orcs 13 rothes 19 rabid rats 9 giant bats 10 Kop Sergeants 5 monkeys 10 orc zombies 13 dwarf zombies 4 wererats 4 werejackals 24 iguanas 13 killer bees 14 acid blobs 13 coyotes 3 gas spores 18 hobbits 5 manes 4 large kobolds 8 hobgoblins 43 giant rats 10 cave spiders 5 brown molds 13 yellow molds 4 green molds 6 red molds 30 gnomes 22 Keystone Kops 15 garter snakes 5 gnome zombies 25 geckos 38 jackals 10 foxes 5 kobolds 16 goblins 12 sewer rats 41 grid bugs 8 bats 20 lichens 8 kobold zombies 32 newts 1006 creatures vanquished. No species were genocided or became extinct. Voluntary challenges: You never hit with a wielded weapon. You read items or engraved 23 times. You engraved Elbereth 1 time. You never genocided any monsters. You never polymorphed an object. You used 4 wishes (1 for an artifact). You did not violate any of the special Sokoban rules. Achievements: You entered the Gnomish Mines. You entered a shop. You entered Minetown. You entered a temple. You completed the Gnomish Mines. You entered Sokoban. You entered the Big Room. You completed Sokoban. You handled the Bell of Opening. You defeated Medusa. You attained the rank of Empiric. The Dungeons of Doom: levels 1 to 27 Level 1: Level 2: An untended shop. Stairs down to The Gnomish Mines. Level 3: An untended shop. Level 4: An untended shop. Level 5: An untended shop, a sink. Level 6: Level 7: "magic trap" Level 8: "pools" Oracle of Delphi. Level 9: "Stash" An altar to Hermes. Stairs up to Sokoban, level 8. Level 10: Level 11: An untended shop. Level 12: A very big room. Level 13: A sink. Level 14: Level 15: Some altars. Portal to The Quest. Level 16: A primitive area. Level 17: Level 18: Some shops. Level 19: A fountain. Level 20: Level 21: Level 22: Level 23: A fountain, many trees. Level 24: Level 26: <- You were here. Final resting place for you, killed by life drainage. Level 27: The Gnomish Mines: levels 3 to 10 Level 3: Level 4: Level 5: Many shops, a temple, some fountains. Level 6: Level 7: Level 8: Level 9: Level 10: The Quest: levels 1 to 5 Level 1: An altar to Hermes. Home. Level 2: "Polytrap" Level 3: A temple to Hermes. Level 4: Level 5: "Polytrap" Sokoban: levels 8 up to 5 Level 5: Solved. Level 6: Solved. Level 7: Solved. Level 8: Solved. Game over: ---------- / \ / REST \ / IN \ / PEACE \ / \ | spontiff | | 0 Au | | killed by life | | drainage | | | | | | 2022 | *| * * * | * _________)/\\_//(\/(/\)/\//\/|_)_______ Goodbye spontiff the Healer... You died in The Dungeons of Doom on dungeon level 26 with 10516 points, and 0 pieces of gold, after 34448 moves. You were level 1 with a maximum of 71 hit points when you died.